Map: Dreamcatcher LE

Players

Reynor - Winner!

  • Race: Zerg Zerg
  • Spawn Location: 5:00

ShoWTimE

  • Race: Protoss Protoss
  • Spawn Location: 11:00

Event: WCS Valencia 2018

VOD

Have the link to the VOD?

Description

Time

  • Played on: July 12, 2018, 2 p.m.
  • Length: 17:06

All games in this series

Show
View Real Time Build Order
Export as new Build Order

Reynor Zerg - Winner!

Build Orders: Hatch First, Swarm Host 

Get SALT Encoding   

  12  0:00  Drone  
  13  0:12  Overlord  
  13  0:16  Drone  
  14  0:31  Drone x2  
  16  0:43  Drone  
  17  0:52  Hatchery  
  17  0:55  Drone  
  17  0:58  Drone  
  18  1:11  Extractor  
  17  1:14  Spawning Pool  
  17  1:16  Drone  
  17  1:19  Drone  
  18  1:28  Drone  
  19  1:39  Overlord  
  19  1:50  Drone  
  20  2:02  Zergling x2  
  20  2:03  Queen  
  20  2:04  Zergling x2, Queen  
  26  2:10  Drone  
  26  2:12  Metabolic Boost  
  26  2:15  Drone  
  28  2:21  Drone  
  29  2:25  Drone  
  30  2:39  Hatchery  
  30  2:43  Drone x2  
  31  2:48  Overlord  
  31  2:51  Zergling x2  
  31  2:54  Drone  
  31  2:58  Drone  
  34  3:05  Drone  
  35  3:09  Queen  
  37  3:13  Drone x3  
  37  3:17  Overlord  
  37  3:19  Drone  
  41  3:20  Drone  
  42  3:29  Drone  
  42  3:30  Drone  
  44  3:34  Spore Crawler  
  44  3:38  Overlord  
  44  3:39  Lair  
  44  3:41  Drone  
  44  3:50  Queen  
  44  3:53  Spore Crawler, Drone x2  
  44  3:54  Drone  
  49  3:55  Drone  
  49  3:58  Drone x2  
  49  4:00  Drone  
  49  4:02  Drone  
  53  4:04  Drone  
  54  4:12  Drone  
  54  4:13  Drone  
  54  4:14  Drone x2  
  54  4:20  Drone x3  
  54  4:21  Drone  
  54  4:22  Extractor, Drone  
  54  4:23  Extractor  
  57  4:24  Overlord  
  57  4:27  Drone  
  57  4:31  Overlord  
  58  4:42  Overlord  
  58  4:43  Drone x3  
  58  4:44  Hydralisk Den  
  61  4:45  Drone  
  61  4:47  Drone  
  61  4:50  Drone x2  
  61  4:51  Extractor  
  61  4:52  Drone x2  
  65  4:57  Drone  
  65  4:59  Overlord  
  66  5:07  Zergling x2  
  66  5:08  Zergling x10  
  66  5:09  Zergling x4  
  66  5:12  Zergling x2  
  75  5:16  Grooved Spines  
  75  5:18  Hydralisk  
  77  5:22  Spore Crawler  
  77  5:24  Hydralisk x4  
  84  5:30  Hydralisk x2  
  84  5:34  Hydralisk  
  90  5:37  Overlord  
  90  5:39  Spore Crawler  
  90  5:42  Overlord  
  82  5:52  Overlord  
  82  5:54  Overlord  
  81  6:03  Hydralisk x4  
  88  6:10  Drone x2  
  89  6:12  Hydralisk x3  
  89  6:16  Drone x2  
  97  6:19  Overlord  
  97  6:21  Overlord  
  97  6:24  Evolution Chamber  
  96  6:28  Overlord  
  96  6:32  Muscular Augments  
  96  6:35  Overlord  
  96  6:37  Overlord  
  96  6:40  Drone x2  
  96  6:42  Spore Crawler, Drone x4  
  96  6:45  Drone x2  
  103  6:50  Drone  
  103  6:51  Drone  
  103  6:52  Zerg Missile Weapons Level 1  
  103  6:53  Drone x2  
  107  6:55  Drone  
  108  7:04  Spore Crawler  
  108  7:06  Extractor  
  107  7:08  Drone x3  
  107  7:11  Extractor  
  107  7:12  Drone x6  
  114  7:18  Infestation Pit  
  114  7:19  Drone x2  
  114  7:20  Drone  
  116  7:24  Overlord  
  114  7:35  Hydralisk x3  
  114  7:36  Hydralisk x2  
  124  7:39  Hatchery  
  124  7:43  Overlord  
  122  7:49  Overlord  
  122  7:58  Overlord  
  120  8:01  Overlord, Swarm Host  
  120  8:02  Swarm Host x7  
  144  8:09  Swarm Host x3  
  153  8:16  Swarm Host  
  153  8:17  Swarm Host  
  159  8:23  Swarm Host x3  
  168  8:31  Drone x3  
  168  8:33  Swarm Host  
  169  8:35  Overlord  
  169  8:38  Swarm Host  
  169  8:42  Overlord  
  169  8:44  Overlord  
  169  8:45  Overlord  
  169  8:50  Zerg Missile Weapons Level 2  
  169  8:51  Overlord  
  169  8:55  Overlord  
  169  9:00  Overlord  
  169  9:01  Hydralisk x2  
  169  9:02  Hydralisk x3  
  179  9:09  Extractor, Drone x3  
  181  9:10  Drone  
  181  9:14  Hydralisk x3  
  190  9:18  Baneling Nest  
  190  9:19  Hydralisk  
  190  9:21  Hydralisk  
  190  9:22  Zergling x4  
  195  9:27  Hydralisk  
  195  9:28  Zergling x4  
  198  9:39  Overlord  
  198  9:42  Overlord  
  195  9:45  Hydralisk x2  
  195  9:46  Zergling x2  
  198  9:53  Drone  
  198  9:55  Spire  
  198  10:03  Hydralisk  
  198  10:04  Zergling x8, Hatchery  
  198  10:05  Zergling x4  
  200  10:17  Centrifical Hooks  
  200  10:31  Hive  
  200  10:40  Baneling x9  
  200  10:41  Baneling x3  
  200  10:42  Baneling  
  200  10:43  Baneling x7  
  199  11:45  Greater Spire  
  195  12:01  Zergling x18  
  182  12:02  Hydralisk x6  
  199  12:11  Overlord  
  199  12:20  Spine Crawler  
  174  12:31  Hydralisk  
  174  12:32  Hydralisk x5, Zergling x2  
  174  12:33  Zergling x14  
  189  12:43  Corruptor x5  
  195  12:54  Corruptor x2  
  186  13:18  Brood Lord x4  
  193  13:20  Zergling x16  
  200  13:27  Spine Crawler  
  200  13:28  Spine Crawler  
  200  13:29  Brood Lord  
  198  14:01  Baneling x5  
  196  14:04  Zergling x10  
  200  14:26  Spine Crawler  
  200  14:27  Spine Crawler, Hatchery  
  200  14:28  Spine Crawler, Brood Lord  
  200  14:29  Brood Lord  
  183  14:46  Drone x7  
  190  14:54  Viper x3  
  190  14:55  Overseer  
  199  15:00  Overseer x2  
  199  15:07  Zerg Flyer Weapons Level 1  
  199  15:08  Extractor  
  199  15:12  Pneumatized Carapace  
  198  15:33  Baneling x12  
  198  15:34  Baneling  
  189  15:57  Hydralisk x5  
  180  16:20  Corruptor x9  
  198  16:35  Corruptor x2  
  198  16:38  Extractor  
  198  16:39  Extractor  
  198  16:41  Extractor  
Show
View Real Time Build Order
Export as new Build Order

ShoWTimE Protoss 

Build Orders: 1 Gate Expand, Oracle Opening, Phoenix Opening, Mass Phoenix 

Get SALT Encoding   

  12  0:00  Probe  
  13  0:12  Probe  
  14  0:18  Pylon  
  14  0:24  Probe  
  15  0:32  Probe  
  15  0:40  Probe  
  15  0:41  Gateway  
  16  0:46  Assimilator  
  17  0:51  Probe  
  18  1:03  Probe  
  19  1:15  Probe  
  20  1:25  Nexus  
  20  1:35  Cybernetics Core  
  20  1:37  Probe  
  21  1:44  Assimilator  
  21  1:50  Probe  
  21  1:53  Pylon  
  22  2:02  Adept, Probe  
  23  2:14  Probe  
  26  2:16  Stargate  
  26  2:23  Warp Gate  
  26  2:26  Probe  
  26  2:28  Adept  
  29  2:33  Probe  
  30  2:38  Probe  
  30  2:41  Probe  
  31  2:50  Probe  
  31  2:51  Probe  
  33  2:54  Phoenix  
  33  2:55  Adept  
  36  3:02  Probe  
  36  3:04  Probe  
  40  3:08  Oracle  
  40  3:11  Pylon  
  40  3:14  Probe  
  40  3:16  Probe  
  45  3:24  Assimilator  
  45  3:28  Probe, Assimilator  
  45  3:30  Probe  
  47  3:36  Gateway  
  47  3:39  Probe  
  47  3:40  Probe  
  48  3:48  Pylon  
  49  3:49  Probe  
  49  3:51  Phoenix  
  49  3:52  Probe  
  53  4:00  Probe  
  54  4:03  Stargate  
  54  4:06  Probe  
  54  4:08  Phoenix  
  55  4:12  Probe  
  58  4:18  Probe  
  58  4:19  Pylon  
  59  4:25  Probe  
  60  4:31  Phoenix  
  60  4:34  Pylon  
  60  4:37  Adept x2  
  66  4:47  Phoenix  
  66  4:48  Phoenix  
  66  4:49  Pylon  
  70  5:11  Nexus  
  70  5:12  Phoenix x2  
  74  5:19  Shield Battery  
  74  5:20  Probe  
  75  5:21  Probe  
  75  5:22  Pylon  
  76  5:32  Probe  
  76  5:33  Probe  
  78  5:36  Phoenix  
  78  5:37  Phoenix  
  82  5:44  Probe  
  82  5:45  Probe  
  82  5:46  Zealot  
  82  5:48  Zealot  
  86  5:52  Pylon  
  86  5:56  Probe  
  87  5:58  Probe  
  87  6:01  Robotics Facility  
  88  6:04  Robotics Facility  
  88  6:09  Probe  
  88  6:10  Probe  
  88  6:18  Sentry x2  
  92  6:25  Probe x2, Pylon  
  94  6:26  Probe  
  93  6:34  Pylon  
  93  6:37  Probe  
  93  6:38  Gateway, Immortal  
  93  6:39  Gateway, Probe  
  95  6:40  Immortal, Probe  
  96  6:48  Shield Battery  
  104  6:55  Sentry x2  
  104  6:56  Probe  
  111  7:05  Shield Battery  
  111  7:06  Immortal  
  108  7:11  Immortal  
  108  7:13  Shield Battery  
  107  7:19  Shield Battery  
  107  7:21  Probe x3, Pylon  
  118  7:35  Shield Battery  
  118  7:36  Shield Battery  
  118  7:37  Immortal  
  118  7:45  Immortal  
  118  7:50  Shield Battery  
  126  8:01  Probe  
  126  8:02  Probe x2, Pylon  
  126  8:03  Assimilator  
  129  8:06  Twilight Council, Forge  
  129  8:07  Immortal  
  129  8:08  Assimilator  
  129  8:14  Gateway x2  
  129  8:19  Immortal  
  133  8:25  Gateway  
  137  8:29  Gateway  
  137  8:30  Charge  
  135  8:40  Immortal  
  135  8:41  Protoss Ground Weapons Level 1  
  135  8:48  Pylon  
  137  8:49  Immortal  
  137  8:53  Templar Archives  
  137  8:59  Photon Cannon x2  
  137  9:01  Photon Cannon, Shield Battery  
  137  9:02  Pylon  
  133  9:12  Probe  
  133  9:15  Warp Prism  
  136  9:26  Pylon  
  136  9:28  Observer, Zealot x6  
  136  9:29  Zealot  
  151  9:37  Zealot  
  153  9:49  Psionic Storm  
  149  9:55  High Templar  
  149  9:59  Pylon  
  148  10:01  Pylon  
  148  10:03  Pylon  
  148  10:04  Pylon  
  148  10:19  Immortal  
  148  10:21  High Templar x2, Pylon  
  150  10:22  High Templar x3  
  150  10:23  High Templar  
  162  10:31  High Templar x2  
  162  10:32  Nexus  
  166  10:35  Pylon  
  166  10:37  Pylon  
  166  10:39  Pylon  
  166  10:49  Pylon  
  166  10:56  Zealot x4  
  166  10:57  Zealot x2  
  178  11:18  Nexus  
  175  11:20  Zealot x3, Pylon  
  175  11:25  Zealot  
  181  11:33  Pylon  
  181  11:38  High Templar x2  
  181  11:39  High Templar x2  
  177  11:41  Zealot x2  
  177  11:42  Archon  
  177  11:44  Archon  
  177  11:45  Zealot  
  183  11:51  Photon Cannon  
  169  12:04  Zealot x4  
  177  12:09  Probe x3  
  177  12:11  Zealot  
  182  12:18  Zealot x2  
  168  12:34  Zealot x6  
  178  12:39  High Templar x2  
  182  12:44  Archon  
  166  12:58  Fleet Beacon  
  166  13:00  Stargate  
  166  13:02  Stargate  
  154  13:11  Zealot, High Templar x5  
  154  13:12  Zealot x2  
  150  13:18  Assimilator  
  150  13:19  Assimilator, Pylon  
  150  13:21  Archon x2  
  150  13:28  Oracle  
  150  13:34  Zealot x3  
  159  13:46  Tempest x3  
  159  13:48  Pylon  
  162  14:08  Tempest  
  154  14:12  Nexus  
  156  14:46  Tempest  
  156  14:52  Pylon  
  162  15:02  Tempest  
  168  15:10  High Templar x2  
  172  15:18  Observer x2  
  126  16:23  Nexus  
Tags
 
Add a new tag
Caveats
  • Supply blocks, unpowered buildings, or Contaminate may cause inaccurate times.
  • Supply counts are checked every 10 seconds.